Map: Catalyst LE

Players

Rye - Winner!

  • Race: Protoss Protoss
  • League: Diamond
  • Spawn Location: 5:00

Muaddib

  • Race: Zerg Zerg
  • League: Platinum
  • Spawn Location: 11:00

VOD

Have the link to the VOD?

Description

Time

  • Played on: Feb. 6, 2018, 4:33 a.m.
  • Length: 13:20
Show
View Real Time Build Order
Export as new Build Order

Rye Protoss - Winner!

Build Orders:  

Get SALT Encoding   

  12  0:01  Probe  
  13  0:13  Probe (Chrono Boost)  
  14  0:20  Pylon  
  14  0:25  Probe (Chrono Boost)  
  15  0:37  Probe  
  15  0:40  Gateway  
  16  0:49  Probe  
  17  0:54  Assimilator  
  17  1:01  Probe  
  18  1:13  Probe  
  18  1:15  Pylon  
  19  1:25  Probe (Chrono Boost)  
  20  1:33  Cybernetics Core  
  20  1:36  Probe (Chrono Boost)  
  21  1:43  Probe  
  22  1:47  Assimilator  
  22  1:57  Probe  
  22  2:00  Nexus  
  23  2:12  Probe  
  23  2:15  Adept (Chrono Boost)  
  24  2:20  Pylon  
  26  2:40  Shield Battery  
  25  2:46  Probe  
  25  2:50  Gateway  
  26  2:51  Gateway  
  26  2:58  Probe, Adept  
  27  3:03  Warp Gate (Chrono Boost)  
  30  3:14  Pylon  
  30  3:17  Probe (Chrono Boost)  
  30  3:32  Twilight Council  
  30  3:33  Adept  
  30  3:40  Adept  
  32  3:49  Adept  
  34  3:56  Probe x2  
  34  4:00  Adept  
  38  4:08  Probe  
  38  4:09  Probe  
  40  4:18  Resonating Glaives (Chrono Boost)  
  40  4:24  Probe x2  
  40  4:30  Pylon  
  42  4:36  Probe x2  
  44  4:42  Robotics Facility  
  44  4:45  Pylon  
  44  4:48  Probe x2  
  46  5:00  Probe  
  46  5:01  Probe, Adept  
  46  5:02  Adept x2  
  45  5:23  Adept x3  
  48  5:35  Probe  
  48  5:36  Probe, Pylon  
  50  5:47  Forge  
  50  5:49  Stalker, Forge  
  52  5:56  Probe  
  52  5:57  Probe  
  54  6:01  Stalker  
  56  6:13  Gateway, Pylon  
  56  6:37  Immortal (Chrono Boost)  
  56  6:38  Stalker x3  
  56  6:44  Charge  
  54  7:09  Immortal  
  52  7:17  Stalker x2  
  52  7:18  Stalker  
  52  7:22  Protoss Ground Weapons Level 1 (Chrono Boost)  
  58  7:31  Probe  
  58  7:34  Protoss Ground Armor Level 1 (Chrono Boost)  
  58  7:37  Photon Cannon  
  59  7:41  Photon Cannon  
  59  7:43  Probe  
  59  7:44  Probe  
  61  7:45  Assimilator  
  61  7:48  Assimilator  
  61  7:51  Stalker x3  
  63  7:55  Stalker  
  69  8:04  Pylon  
  69  8:08  Immortal (Chrono Boost)  
  73  8:17  Stalker x2  
  73  8:18  Stalker  
  79  8:24  Zealot  
  81  8:32  Photon Cannon  
  81  8:41  Probe (Chrono Boost)  
  83  8:44  Zealot x2  
  83  8:45  Zealot  
  83  8:46  Probe (Chrono Boost)  
  89  8:53  Warp Prism  
  91  9:02  Zealot  
  93  9:29  Observer  
  92  9:47  Zealot x4  
  96  10:13  Photon Cannon  
  85  10:14  Photon Cannon x3  
  85  10:17  Photon Cannon  
  85  10:18  Zealot  
  85  10:21  Photon Cannon  
  78  10:43  Assimilator  
  76  11:01  Assimilator  
  71  11:33  Pylon  
  71  11:35  Pylon  
  71  11:36  Pylon  
Show
View Real Time Build Order
Export as new Build Order

Muaddib Zerg 

Build Orders: Hatch First 

Get SALT Encoding   

  12  0:01  Drone  
  13  0:13  Overlord  
  13  0:17  Drone  
  14  0:31  Drone x2  
  16  0:45  Drone  
  17  0:56  Hatchery  
  16  0:59  Drone  
  16  1:02  Extractor  
  16  1:03  Drone  
  17  1:17  Spawning Pool  
  16  1:20  Drone  
  17  1:26  Drone  
  17  1:32  Drone  
  19  1:45  Drone  
  20  1:49  Overlord  
  20  2:05  Queen  
  20  2:06  Metabolic Boost  
  20  2:08  Queen  
  22  2:11  Zergling x2  
  22  2:15  Zergling x2  
  26  2:18  Zergling x2  
  26  2:21  Drone  
  28  2:25  Drone  
  29  2:49  Drone x4  
  29  2:51  Overlord  
  33  3:00  Drone  
  34  3:08  Evolution Chamber  
  34  3:10  Zergling x2  
  34  3:11  Zergling x2  
  34  3:33  Zergling x12  
  34  3:34  Zergling x2  
  41  3:35  Zerg Melee Weapons Level 1  
  41  3:55  Pneumatized Carapace  
  41  3:57  Drone  
  41  3:58  Drone  
  41  3:59  Overlord x3  
  43  4:16  Queen  
  45  4:23  Drone x7  
  52  4:31  Hatchery  
  51  5:05  Drone x6  
  51  5:06  Drone x7  
  57  5:27  Roach Warren  
  52  5:31  Evolution Chamber  
  52  5:34  Spine Crawler  
  50  5:38  Overlord x3  
  50  5:45  Queen  
  52  5:52  Extractor  
  52  5:55  Extractor  
  50  6:00  Overlord x2  
  50  6:02  Spine Crawler x2  
  48  6:09  Roach x2  
  48  6:10  Roach x7  
  66  6:13  Zerg Missile Weapons Level 1  
  64  6:45  Lair  
  61  7:07  Roach x4  
  61  7:08  Roach  
  68  7:25  Drone x2  
  68  7:26  Drone x9  
  68  7:27  Drone x4  
  83  7:30  Spore Crawler  
  83  7:32  Spore Crawler  
  83  7:35  Spore Crawler  
  80  7:46  Hydralisk Den, Glial Reconstitution  
  80  7:51  Ravager  
  80  7:59  Drone  
  81  8:12  Nydus Network  
  80  8:13  Hatchery  
  80  8:19  Extractor x2  
  77  8:20  Drone x3  
  77  8:21  Drone x3  
  77  8:22  Drone  
  77  8:23  Drone  
  85  8:30  Ravager  
  85  8:33  Zergling x32  
  102  8:46  Grooved Spines  
  102  8:57  Hydralisk x5  
  107  9:49  Nydus Canal  
  107  9:52  Zergling x2  
  107  9:53  Zergling x18  
  107  9:56  Overlord x7  
  106  10:15  Zergling x2  
  106  10:16  Zergling x12  
  87  10:36  Spine Crawler  
  87  10:39  Spine Crawler x3  
  87  10:40  Spine Crawler x5  
  68  10:44  Spine Crawler x2  
  53  11:08  Hatchery, Spawning Pool  
  53  11:10  Evolution Chamber  
  25  12:06  Spine Crawler  
  24  12:08  Spine Crawler  
  23  12:22  Queen  
  25  12:23  Drone  
Tags
 
Add a new tag
Caveats
  • Supply blocks, unpowered buildings, or Contaminate may cause inaccurate times.
  • Supply counts are checked every 10 seconds.